 Dungeon Crawl Stone Soup version 0.23.2-1-ga50397a6bc (webtiles) character file.

Game seed: 18223326214943152872

6099 Mrkan the Grappler (level 10, -6/93 HPs)
             Began as a Troll Monk on May 21, 2019.
             Was an Elder of Trog.
             Mangled by a wyvern (19 damage)
             ... on level 9 of the Dungeon.
             The game lasted 00:16:05 (6596 turns).

Mrkan the Grappler (Troll Monk)                     Turns: 6596, Time: 00:16:06

Health: -6/93      AC: 10    Str: 21    XL:     10   Next: 58%
Magic:  9/9        EV: 12    Int:  6    God:    Trog [****..]
Gold:   473        SH: 10    Dex: 15    Spells: 9/9 levels left

rFire    . . .     SeeInvis .     - Unarmed
rCold    . . .     Gourm    +   A - +0 shield
rNeg     . . .     Faith    .   a - +0 robe
rPois    .         Spirit   .   d - +2 hat
rElec    .         Reflect  .   (no cloak)
rCorr    .         Harm     .   (gloves unavailable)
MR       ++...                  (boots unavailable)
Stlth    ++........             (no amulet)
HPRegen  1.65/turn              t - +2 ring of protection
MPRegen  0.11/turn              (no ring)

@: lethally poisoned (-6 -> -6), berserk cooldown, regenerating, slowed, lightly
drained, very slow
A: large, unfitting armour, claws 3, fast metabolism 3, frail 1, gourmand,
regeneration 1, shaggy fur 1, tough skin 3, wild magic 1, evolution 1
a: Berserk, Trog's Hand, Brothers in Arms, Renounce Religion


You were on level 9 of the Dungeon.
You worshipped Trog.
Trog was greatly pleased with you.
You were very full.

You visited 1 branch of the dungeon, and saw 9 of its levels.
You visited the Abyss 1 time.

You collected 473 gold pieces.

Inventory:

Hand Weapons
 u - a +1 dire flail of draining
 B - a +0 long sword of holy wrath
 C - a +1 trident of venom
Missiles
 y - 2 large rocks (quivered)
Armour
 a - a +0 robe (worn)
 d - a +2 hat (worn)
 l - a +0 cloak
 A - a +0 shield (worn)
 E - a +0 cloak
Jewellery
 t - a +2 ring of protection (left claw)
 v - an uncursed ring of resist corrosion {unknown}
 x - an uncursed ring of stealth {unknown}
Wands
 h - a wand of digging (4)
 m - a wand of polymorph (11)
 o - a wand of clouds (7)
Scrolls
 c - 5 scrolls of identify
 f - a scroll of amnesia
 g - 6 scrolls of remove curse
 j - 3 scrolls of teleportation
 r - a scroll of immolation
Potions
 e - a potion of might
 i - a potion of ambrosia {unknown}
 k - a potion of lignification
 n - 3 potions of curing
 p - 2 potions of invisibility {unknown}
 q - 2 potions of degeneration {unknown}
 s - 5 potions of brilliance
 w - a potion of berserk rage
 z - 2 potions of flight
Comestibles
 b - 19 rations


   Skills:
 + Level 7.7(7.6) Fighting
 - Level 6.8(6.7) Dodging
 - Level 1.0(0.9) Stealth
 * Level 4.8(4.7) Shields
 - Level 10.0(9.8) Unarmed Combat


You had 9 spell levels left.
You didn't know any spells.
Your spell library contained the following spells:

 Spells                   Type           Power        Failure   Level  Hunger
 Beastly Appendage        Tmut           #.....       83%         1    ##.....
 Sticks to Snakes         Tmut           #.......     92%         2    ###....
 Spider Form              Tmut/Pois      #.........   99%         3    ####...
 Ice Form                 Ice/Tmut       #.......     100%        4    #####..
 Blade Hands              Tmut           #.........   100%        5    ######.


Dungeon Overview and Level Annotations

Branches:
Dungeon (9/15)             Temple (0/1) D:4
   Lair: D:8-11         Orc: D:9-12

Altars:
Elyvilon
Hepliaklqana
Makhleb
Qazlal
Ru
Trog
Uskayaw

Shops:
D:5 *


Innate Abilities, Weirdness & Mutations

You are too large for most types of armour.
You have claws for hands.
Your metabolism is lightning-fast.
You like to eat raw meat.
Your natural rate of healing is unusually fast.
You are covered in fur. (AC +1)
You have extremely tough skin. (AC +3)
You are frail. (-10% HP)
Your spells are a little harder to cast, but a little more powerful.
You evolve.


Message History

Your skin crawls.
You feel resistant to hostile enchantments.
You feel somewhat less full.
The centaur shouts!
You block the wyvern's attack.
The centaur unwields a +0 hand axe.
The centaur wields a +0 shortbow.
The centaur shoots an arrow.
The arrow hits you. You block the wight's attack.
The wyvern bites you but does no damage.
The centaur shoots an arrow.
You block the arrow.
You feel the effects of Trog's Hand fading.
You feel sick. You block the wight's attack.
The centaur shoots an arrow.
The arrow hits you.
* * * LOW HITPOINT WARNING * * *
You block the wyvern's attack. The wight hits you but does no damage.
The centaur shoots an arrow.
The arrow hits you!
* * * LOW HITPOINT WARNING * * *
There is a stone staircase leading up, spattered with blood here.
You see here 2 arrows.
The wyvern bites you!!
You die...

...?.....#
#...(.c...#
#...$.....#
#.......$.#
#.........#
#.........#
#...<.....#
#.....z)@.#
#......l).#
#...%.:...#
#......Z..#
#.........#
#......(..#
#.........#
#.........#
#...(.....#


You could see a wyvern, a centaur, a wight and a wyvern zombie.

Vanquished Creatures
  Harold (D:7)
  A deep elf mage (D:8)
  A troll (D:8)
  2 hippogriffs (D:8)
  A spriggan (D:8)
  6 flying skulls
  A hungry ghost (D:8)
  Edmund (D:4)
  2 water moccasins
  A sky beast (D:8)
  An ice beast (D:7)
  A black bear (D:7)
  A necrophage (D:8)
  4 ogres
  3 centaurs
  2 bullfrogs
  A gnoll sergeant (D:8)
  A scorpion (D:4)
  A water moccasin skeleton (D:5)
  7 wights
  A howler monkey (D:6)
  2 jellies (D:8)
  A centaur zombie (D:7)
  Crazy Yiuf (D:2)
  A bullfrog zombie (D:7)
  3 hounds
  A bullfrog skeleton (D:7)
  9 orc priests
  5 orc wizards
  A centaur skeleton (D:6)
  2 iguanas
  Natasha (thrice) (D:2)
  4 worker ants
  11 gnolls
  10 adders
  2 shadow imps
  3 adder skeletons
  An adder zombie (D:6)
  2 worms (D:3)
  2 dart slugs (D:1)
  5 leopard geckos
  23 orcs
  12 bats
  5 giant cockroaches
  9 goblins
  11 hobgoblins
  14 jackals
  12 kobolds
  5 quokkas
  7 frilled lizards
  A jackal skeleton (D:7)
  A leopard gecko zombie (D:3)
  A quokka skeleton (D:6)
  A quokka zombie (D:7)
  11 rats
  A plant (D:6)
223 creatures vanquished.

Vanquished Creatures (others)
  2 plants (D:6)
2 creatures vanquished.

Grand Total: 225 creatures vanquished

Notes
Turn   | Place    | Note
-------+----------+-------------------------------------------
     0 | D:1      | Mrkan the Troll Monk began the quest for the Orb.
     0 | D:1      | Reached XP level 1. HP: 22/22 MP: 0/0
   216 | D:1      | Reached XP level 2. HP: 29/29 MP: 1/1
   234 | D:1      | Reached skill level 4 in Unarmed Combat
   321 | D:1      | Reached XP level 3. HP: 34/36 MP: 2/2
   975 | D:2      | Noticed Natasha
   988 | D:2      | Killed Natasha
   988 | D:2      | Reached skill level 5 in Unarmed Combat
   988 | D:2      | Reached XP level 4. HP: 40/44 MP: 3/3
  1471 | D:2      | Noticed Natasha
  1479 | D:2      | Killed Natasha
  1540 | D:2      | Found a runed translucent door.
  1541 | D:2      | Noticed Crazy Yiuf
  1571 | D:2      | Reached XP level 5. HP: 48/50 MP: 4/4
  1638 | D:2      | Killed Crazy Yiuf
  1638 | D:2      | Reached skill level 6 in Unarmed Combat
  1698 | D:2      | Noticed Natasha
  1708 | D:2      | Killed Natasha
  1882 | D:3      | Found a bloodstained altar of Trog.
  1911 | D:3      | Reached XP level 6. HP: 43/59 MP: 5/5
  1959 | D:3      | Found a hide-covered altar of Uskayaw.
  2009 | D:3      | Reached skill level 7 in Unarmed Combat
  2562 | D:3      | Became a worshipper of Trog the Wrathful
  2562 | D:3      | Reached * piety under Trog
  2562 | D:3      | Reached ** piety under Trog
  2607 | D:4      | Found a staircase to the Ecumenical Temple.
  2814 | D:4      | Noticed Edmund
  2821 | D:4      | Killed Edmund
  2825 | D:4      | Reached skill level 8 in Unarmed Combat
  2883 | D:4      | Reached XP level 7. HP: 66/66 MP: 6/6
  3135 | D:5      | Entered Level 5 of the Dungeon
  3270 | D:5      | Reached skill level 9 in Unarmed Combat
  3280 | D:5      | Found a stormy altar of Qazlal.
  3348 | D:5      | Found Hoedgh's Assorted Antiques.
  3812 | D:6      | Reached XP level 8. HP: 74/74 MP: 7/7
  3909 | D:6      | Reached skill level 10 in Unarmed Combat
  4026 | D:6      | Reached *** piety under Trog
  4255 | D:6      | Found a white marble altar of Elyvilon.
  4381 | D:6      | Found a sacrificial altar of Ru.
  4384 | D:6      | Found a burning altar of Makhleb.
  4387 | D:6      | Found a hazy altar of Hepliaklqana.
  4423 | D:6      | Cast into level 1 of the Abyss (orc warrior)
  4452 | Abyss:1  | Noticed a flying skull
  4453 | Abyss:1  | Noticed a flying skull
  4453 | Abyss:1  | Noticed a flying skull
  4464 | Abyss:1  | Killed a flying skull
  4468 | Abyss:1  | Killed a flying skull
  4478 | Abyss:1  | Killed a flying skull
  4483 | Abyss:1  | Noticed a flying skull
  4500 | Abyss:1  | Noticed a flying skull
  4506 | Abyss:1  | Noticed a flying skull
  4507 | Abyss:1  | Noticed a worldbinder
  4510 | Abyss:1  | Noticed a hellwing
  4515 | Abyss:1  | Noticed a black mamba
  4515 | Abyss:1  | Killed a flying skull
  4517 | D:6      | Escaped the Abyss
  4522 | D:6      | Killed a flying skull
  4522 | D:6      | Reached XP level 9. HP: 35/87 MP: 8/8
  4525 | D:6      | Reached skill level 5 in Fighting
  4525 | D:6      | Reached skill level 5 in Dodging
  4701 | D:7      | Gained mutation: You evolve. [potion of mutation]
  4701 | D:7      | Gained mutation: You are frail. (-10% HP) [potion of
                  | mutation]
  4701 | D:7      | Gained mutation: Your spells are a little harder to cast,
                  | but a little more powerful. [potion of mutation]
  5350 | D:7      | Noticed Harold
  5370 | D:7      | Killed Harold
  5828 | D:8      | Reached XP level 10. HP: 56/90 MP: 9/9
  5911 | D:8      | Reached skill level 1 in Shields
  5957 | D:8      | Reached **** piety under Trog
  6118 | D:8      | Noticed a deep elf mage
  6126 | D:8      | Killed a deep elf mage
  6596 | D:9      | Mangled by a wyvern

Skill      XL: |  1  2  3  4  5  6  7  8  9 10 |
---------------+-------------------------------+-----
Unarmed Combat | 4 5 6 8 9 10 | 10.0
Fighting       | 4 6 7 |  7.7
Dodging        | 4 6 |  6.8
Shields        | 4 |  4.8
Stealth        | |  1.0

Action                   |  1- 3 |  4- 6 |  7- 9 | 10-12 || total
-------------------------+-------+-------+-------+-------++-------
Melee: Unarmed           |   105 |   164 |   275 |   123 ||   667
       Punch             |       |     5 |    14 |       ||    19
Invok: Berserk           |       |     1 |     5 |     3 ||     9
       Trog's Hand       |       |       |       |     1 ||     1
  Use: Scroll            |       |       |    11 |       ||    11
       Potion            |       |       |     8 |       ||     8
 Stab: Sleeping          |       |     4 |     6 |       ||    10
       Distracted        |       |       |     1 |       ||     1
  Eat: Chunk             |    14 |    18 |    27 |    20 ||    79
Armor: Robe              |    55 |    92 |    92 |    51 ||   290
Dodge: Dodged            |    64 |   106 |   136 |    81 ||   387
Block: Shield            |       |       |     5 |    81 ||    86
